 Dungeon Crawl Stone Soup version 0.25-a0-565-g8875c97ebb (webtiles) character file.

Game seed: 14389161096670035232, levelgen mode: deterministic

336 Flugslaktarn the Chopper (level 6, -5/57 HPs)
             Began as a Deep Dwarf Fighter on Feb 26, 2020.
             Killed from afar by an orc wizard (6 damage)
             ... with a magic dart
             ... on level 5 of the Dungeon.
             The game lasted 00:01:07 (1481 turns).

Flugslaktarn the Chopper (Deep Dwarf Fighter)       Turns: 1481, Time: 00:01:07

Health: -5/57      AC: 10    Str: 21    XL:     6   Next: 28%
Magic:  3/3        EV:  5    Int:  9    God:
Gold:   178        SH:  0    Dex: 12    Spells: 5/5 levels left

rFire    . . .     SeeInvis .   a - +0 war axe
rCold    . . .     Gourm    .   c - +0 kite shield
rNeg     . . .     Faith    .   p - +0 chain mail
rPois    .         Spirit   .   (no helmet)
rElec    .         Reflect  .   (no cloak)
rCorr    .         Harm     +   (no gloves)
MR       .....                  u - +0 pair of boots
Stlth    ..........             j - amulet of harm
HPRegen  0.00/turn              s - ring of flight
MPRegen  0.08/turn              (no ring)

@: confused, non-regenerating, slowed, very slow
A: damage resistance, heal wounds, sense surroundings 1, no regeneration
a: Heal Wounds, Evoke Flight


You were on level 5 of the Dungeon.
You were very hungry.

You visited 1 branch of the dungeon, and saw 5 of its levels.

You collected 178 gold pieces.

Inventory:

Hand Weapons
 a - a +0 war axe (weapon)
Armour
 c - a +0 kite shield (worn)
 p - a +0 chain mail (worn)
   (You found it on level 3 of the Dungeon)
 u - a +0 pair of boots (worn)
   (You found it on level 5 of the Dungeon)
Jewellery
 f - an uncursed ring of wizardry {unknown}
   (You found it on level 5 of the Dungeon)
 j - an amulet of harm (around neck)
   (You found it on level 2 of the Dungeon)
 s - a ring of flight (left hand)
   (You found it on level 4 of the Dungeon)
Scrolls
 g - 3 scrolls of identify {unknown}
 h - a scroll of remove curse {unknown}
 l - 3 scrolls of teleportation {unknown}
 o - a scroll of magic mapping {unknown}
 r - 2 scrolls of immolation {unknown}
 t - a scroll of blinking {unknown}
Potions
 d - 2 potions of might
 i - a potion of mutation {unknown}
 k - a potion of invisibility {unknown}
 m - a potion of heal wounds {unknown}
 n - a potion of degeneration {unknown}
Comestibles
 e - 4 rations


   Skills:
 * Level 4.3 Fighting
 * Level 4.6 Axes
 + Level 4.3 Armour
 + Level 4.3 Shields


You had 5 spell levels left.
You didn't know any spells.
Your spell library was empty.

Dungeon Overview and Level Annotations

Branches:
Dungeon (5/15)
 Temple: D:4-7

Altars:
Cheibriados
Fedhas


Innate Abilities, Weirdness & Mutations

You are resistant to damage.
You can heal yourself by infusing magical energy.
You passively map a small area around you.
You do not regenerate.


Message History

The orc wizard casts a spell at you.
You are confused.
The orc warrior hits you from afar with a +0 glaive!!
* * * LOW HITPOINT WARNING * * *
You are too injured to fight recklessly!
You are too injured to fight recklessly!
You are too injured to fight recklessly!
You are too injured to fight recklessly!
You bump into the rock wall.
The orc wizard casts a spell at you.
The puff of flame hits you but does no damage.
The orc warrior hits you from afar with a +0 glaive.
* * * LOW HITPOINT WARNING * * *
The orc wizard hits you but does no damage.
You're too confused!
You're too confused!
It was a potion of magic.
Magic courses through your body.
The orc wizard gestures at you while chanting.
The magic dart hits you!
You die...

,, * * , ,* , #. * ,
,,....... . *#. ,
.......,......., ,..##+ *
#.....# ........ ..... ,,
#.....# ......... #####. ,
#.....# .....##..##..##.
.##.....##.....##.......'.
,
........#...............#.
,
........#@.........##'###.
......)oo).........##..###
*
.##.....######+##..#....#
##.....##.....##..#....#
,#..............#..##..##
* #...!..........#..##..##
#......##.....##..'....#
,#......###'#####..##..##*
#########.....##'###..#


You could see an orc warrior and an orc wizard.

Vanquished Creatures
  A phantom (D:4)
  A hound (D:5)
  An orc wizard (D:5)
  3 worker ants
  5 adders
  A worm (D:4)
  A dart slug (D:4)
  2 leopard geckos
  10 orcs
  2 bats (D:2)
  A giant cockroach (D:2)
  3 goblins
  6 hobgoblins
  5 jackals (D:1)
  4 kobolds
  2 quokkas
  A ball python (D:2)
  A frilled lizard (D:2)
  A leopard gecko skeleton (D:5)
  3 rats (D:2)
54 creatures vanquished.

Notes
Turn   | Place    | Note
-------+----------+-------------------------------------------
     0 | D:1      | Flugslaktarn the Deep Dwarf Fighter began the quest for the
                  | Orb.
     0 | D:1      | Reached XP level 1. HP: 20/20 MP: 1/1
    60 | D:1      | Reached XP level 2. HP: 22/27 MP: 2/2
   301 | D:2      | Reached XP level 3. HP: 25/34 MP: 3/3
   655 | D:3      | Reached XP level 4. HP: 38/42 MP: 3/3
   739 | D:4      | Noticed a phantom
   829 | D:4      | Killed a phantom
   829 | D:4      | Reached XP level 5. HP: 37/50 MP: 3/3
  1143 | D:4      | Found a snail-covered altar of Cheibriados.
  1255 | D:4      | Found a blossoming altar of Fedhas.
  1278 | D:5      | Entered Level 5 of the Dungeon
  1426 | D:5      | Reached XP level 6. HP: 38/57 MP: 4/4
  1451 | D:5      | Noticed an orc warrior
  1480 | D:5      | HP: 1/57 [orc warrior/+0 glaive (3)]
  1481 | D:5      | Killed from afar by an orc wizard

Levels and vault maps discovered:
D:1:      co_arrival_random_square_maze, layout_rooms, hangedman_decor_lopped,
          minmay_tromino_v2
D:2:      minmay_spotlight, layout_loops_ring
D:3:      layout_basic, minitemple, overflow_temple_1_default,
          nicolae_overflow_hidden_temple, minmay_misc_feat_rows
D:4:      layout_cave_pools, kennysheep_slug_shrine, lemuel_tele_altar
D:5:      layout_gridville, first_ration, fedhas_altar_3

Skill      XL: |  1  2  3  4  5 |
---------------+----------------+-----
Fighting       | 3 4 |  4.3
Axes           | 3 4 |  4.6
Armour         | 4 |  4.3
Shields        | 4 |  4.3

Action                   |  1- 3 |  4- 6 || total
-------------------------+-------+-------++-------
Melee: War axe           |    90 |   112 ||   202
 Abil: Heal Wounds       |     1 |     9 ||    10
  Use: Potion            |       |     2 ||     2
  Eat: Chunk             |       |     1 ||     1
Armor: Scale mail        |    46 |       ||    46
       Chain mail        |       |    78 ||    78
Dodge: Dodged            |    25 |    25 ||    50
Block: Kite shield       |    56 |    73 ||   129

Table legend:
 A = Non-vault XP
 B = Vault XP
 C = Vault XP percentage of total XP
 D = Non-vault monster count
 E = Vault monster count
 F = Vault count percentage of total count
                 A         B        C        D         E       F
            +---------+---------+-------+---------+---------+-------
      Total |     466 |      15 |   3.1 |      47 |       7 |  13.0
            +---------+---------+-------+---------+---------+-------
        D:1 |      12 |       0 |   0.0 |       6 |       0 |   0.0
        D:2 |      43 |      11 |  20.4 |      12 |       6 |  33.3
        D:3 |      36 |       0 |   0.0 |      11 |       0 |   0.0
        D:4 |     250 |       4 |   1.6 |      12 |       1 |   7.7
        D:5 |     125 |       0 |   0.0 |       6 |       0 |   0.0
            +---------+---------+-------+---------+---------+-------
